 Dungeon Crawl Stone Soup version 0.27-a0-550-ge92ec0ca06 (webtiles) character file.

Game seed: 2103107583083981443

65090 wakim the Devastator (level 14, -1/80 HPs)
             Began as a Deep Elf Conjurer on Mar 7, 2021.
             Was an Elder of Sif Muna.
             Shot with an arrow by a centaur warrior (14 damage)
             ... on level 13 of the Dungeon.
             The game lasted 01:47:59 (28913 turns).

wakim the Devastator (Deep Elf Conjurer)           Turns: 28913, Time: 01:48:00

Health: -1/80      AC:  9    Str: 11    XL:     14   Next: 74%
Magic:  16/30      EV: 18    Int: 32    God:    Sif Muna [****..]
Gold:   1407       SH: 10    Dex: 13    Spells: 10/33 levels left

rFire    . . .     SeeInvis .   a - +8 long sword of Notay {speed, Str+4}
rCold    + + .     Faith    .   y - +0 buckler
rNeg     . . .     Spirit   .   B - +2 robe {rC+}
rPois    .         Reflect  +   (no helmet)
rElec    .         Harm     .   D - +1 cloak
rCorr    .         Rampage  .   F - +2 pair of gloves
Will     +....                  (no boots)
Stlth    ++++......             M - amulet of reflection
HPRegen  0.23/turn              l - ring of protection from cold
MPRegen  0.22/turn              I - +6 ring of intelligence

@: studying Ice Magic
A: no striking features
a: Renounce Religion, Channel Magic, Forget Spell, Divine Exegesis


You were on level 13 of the Dungeon.
You worshipped Sif Muna.
Sif Muna was greatly pleased with you.
You visited 2 branches of the dungeon, and saw 19 of its levels.
You also visited: Sewer.

You collected 1407 gold pieces.

Inventory:

Hand Weapons
 a - the +8 long sword of Notay (weapon) {speed, Str+4}
   (You took it off a human on level 13 of the Dungeon)

   Attacks with this weapon are significantly faster.
   It affects your strength (+4).
Armour
 g - a +1 robe of fire resistance
 p - a scarf of shadows
 y - a +0 buckler (worn)
 B - a +2 robe of cold resistance (worn)
 D - a +1 cloak (worn)
 F - a +2 pair of gloves (worn)
 G - a scarf of repulsion
 J - the +5 scale mail of a Gauntlet {rElec Dex+4 Slay+2}
   (You found it on level 6 of the Lair of Beasts)

   It affects your dexterity (+4).
   It affects your accuracy and damage with ranged weapons and melee attacks
   (+2).
   It insulates you from electricity.
 N - a +0 robe of positive energy
Magical Staves
 C - a staff of cold
Jewellery
 l - a ring of protection from cold (left hand)
 I - a +6 ring of intelligence (right hand)
 M - an amulet of reflection (around neck)
 O - a ring of resist corrosion
Wands
 u - a wand of charming (7)
 v - a wand of acid (27)
 x - a wand of mindburst (48)
 A - a wand of paralysis (17)
 E - a wand of polymorph (21)
Scrolls
 d - 5 scrolls of amnesia
 f - 10 scrolls of teleportation
 j - 4 scrolls of blinking
 m - 3 scrolls of immolation
 r - 4 scrolls of magic mapping
 s - 4 scrolls of fog
 t - a scroll of brand weapon {unknown}
 H - a scroll of silence
 K - 4 scrolls of identify
 P - a scroll of fear
Potions
 b - 4 potions of mutation
 c - 16 potions of curing
 e - 3 potions of haste
 h - 3 potions of might
 i - 6 potions of attraction
 k - 2 potions of invisibility
 n - 4 potions of brilliance
 o - 10 potions of heal wounds
 q - 5 potions of flight
 w - a potion of magic
 z - 2 potions of cancellation
 L - 2 potions of ambrosia


   Skills:
 + Level 6.9 Fighting
 + Level 13.3 Dodging
 - Level 8.0 Stealth
 - Level 4.0 Shields
 - Level 10.0 Spellcasting
 * Level 17.6 Conjurations
 - Level 5.0 Hexes
 + Level 1.5 Summonings
 - Level 5.0 Translocations
 - Level 10.0 Invocations


You had 10 spell levels left.
You knew the following spells:

 Your Spells              Type           Power      Damage    Failure   Level
a - Magic Dart            Conj           100%       1d8       0%          1
b - Searing Ray           Conj           100%       3d7       0%          2
c - Fulminant Prism       Conj/Hex       36%        3d18      1%          4
d - Iskenderun's Mystic   Conj/Tloc      73%        2d15      1%          4
e - Iskenderun's Battles  Conj           91%        2d14      1%          5
f - Orb of Destruction    Conj           45%        9d15      1%          7

Your spell library contained the following spells:

 Spells                   Type           Power      Damage    Failure   Level
 Corona                   Hex            53%        N/A       1%          1
 Ensorcelled Hibernation  Hex/Ice        64%        N/A       1%          2
 Confusing Touch          Hex            48%        N/A       1%          3
 Dazzling Flash           Conj/Hex       100%       N/A       1%          3
 Gell's Gravitas          Tloc           24%        N/A       1%          3
 Static Discharge         Conj/Air       64%        N/A       1%          3
 Stone Arrow              Conj/Erth      100%       3d13      1%          3
 Tukima's Dance           Hex            48%        N/A       1%          3
 Fireball                 Conj/Fire      32%        3d14      2%          5
 Irradiate                Conj/Tmut      32%        3d24      2%          5
 Animate Skeleton         Necr           32%        N/A       3%          1
 Pain                     Necr           64%        1d7       3%          1
 Sandblast                Erth           32%        2d9       3%          1
 Passwall                 Tmut/Erth      13%        N/A       4%          2
 Bolt of Magma            Conj/Fire/Erth 26%        4d12      8%          5
 Spider Form              Tmut/Pois      8%         N/A       9%          3
 Vampiric Draining        Necr           8%         2d7       9%          3
 Conjure Ball Lightning   Conj/Air       32%        3x3d10    13%         6
 Iron Shot                Conj/Erth      32%        9d7       13%         6
 Summon Lightning Spire   Summ/Air       20%        N/A       22%         4
 Animate Dead             Necr           8%         N/A       30%         4
 Petrify                  Tmut/Erth      16%        N/A       30%         4
 Metabolic Englaciation   Hex/Ice        16%        N/A       30%         5
 Silence                  Hex/Air        16%        N/A       30%         5
 Yara's Violent Unravell  Hex/Tmut       16%        3d8       30%         5
 Spellforged Servitor     Conj/Summ      33%        N/A       45%         7
 Agony                    Necr           16%        N/A       63%         5
 Lee's Rapid Deconstruct  Erth           8%         3d8*      63%         5
 Death Channel            Necr           8%         N/A       99%         6
 Eringya's Noxious Bog    Tmut/Pois      8%         N/A       99%         6
 Dragon Form              Tmut           8%         N/A       100%        7
 Tornado                  Air            8%         N/A       100%        9


Dungeon Overview and Level Annotations

Branches:
Dungeon (13/15) Temple (0/1) D:7 Lair (6/6) D:11 Swamp (0/4) Lair:3 Spider (0/4) Lair:2 Slime (0/5) Lair:5 Orc (0/2) D:9 Vaults (0/5) D:12 D:13 Sewer (visited)

Altars:
Dithmenos
Gozag
Hepliaklqana
Kikubaaqudgha
Makhleb
Nemelex Xobeh
Ru
Sif Muna
Trog
Vehumet
Yredelemnul
The Shining One
Jiyva

Shops:
D:6 (

Annotations:
D:11 2 transporters, bmj180's ghost, journeyman MiFi
D:13 Rupert


Message History

Your battlesphere fires!
The barrage of energy hits the troll!
The troll is heavily wounded.
The centaur warrior shoots an arrow.
The arrow hits you!
A kobold brigand comes into view. It is quivering curare-tipped darts.
Casting: Magic Dart (safe; 0% risk of failure)
Confirm with . or Enter, or press ? or * to list all spells.
Aiming: Fulminant Prism (safe; 1% risk of failure)
Press: ? - help, Dir - move target, p - centaur warrior You conjure a prism of explosive energy!
A fulminant prism comes into view.
Your battlesphere fires!
The barrage of energy hits the orc.
The orc is moderately wounded.
The centaur warrior shoots an arrow.
The arrow barely misses you.
The kobold brigand throws a curare-tipped dart.
The curare-tipped dart hits your fulminant prism.
A poisoned dart appears from out of your range of vision.
The poisoned dart hits your fulminant prism.
The orc hits your fulminant prism with a +0 short sword.
The troll bites your fulminant prism! The troll claws your fulminant prism!
Your fulminant prism detonates feebly.
The centaur warrior shoots an arrow.
The arrow hits you!
Casting: Fulminant Prism (safe; 1% risk of failure)
Confirm with . or Enter, or press ? or * to list all spells.
Aiming: Searing Ray (safe; 0% risk of failure)
Press: ? - help, Shift-Dir - straight line, f - centaur warrior
Aim: a centaur warrior, wielding a +0 shortbow, wearing a +0 robe and quivering arrows (lightly wounded, 13% to evade)
The searing ray hits the centaur warrior!
The centaur warrior is moderately wounded. (Press . to maintain the ray.)
Your battlesphere fires!
The barrage of energy hits the kobold brigand!
The kobold brigand is heavily wounded.
The centaur warrior shoots an arrow.
The arrow hits you!!
* * * LOW HITPOINT WARNING * * *
The centaur warrior shoots an arrow.
The arrow hits you!!
* * * LOW HITPOINT WARNING * * *
The centaur warrior shoots an arrow.
The arrow hits you!
You die...

...)..................
.†.......##.#.......... ..
.(....#.)#..#.##....... .# .
......#..)....##....#.##..#..
.....#####.........##..#....
.......###.......#........#
.)).....##...#..##........#..
........#....#.#####.........
................@#...T.K.)...
.....................##......
................#.##.c.......
.........(...###...##...##...
.............#####.# ..... ..
.....†..........#... .#...# .
......................^..##
.............#...#.........
.............#...#.........##


You could see a centaur warrior.

Vanquished Creatures
  An ettin (D:12)
  Josephine (D:10)
  Fannar (D:10)
  4 hydras
  A great orb of eyes (D:12)
  3 catoblepae (Lair:6)
  A centaur warrior (D:12)
  2 two-headed ogres
  6 death yaks
  A tengu warrior (D:11)
  Urug (D:10)
  A deep elf knight (D:12)
  An unseen horror (D:11)
  The ghost of Anon1729 the Transmogrifier, a novice MfTm (D:6)
  A deep elf pyromancer (D:13)
  A lindwurm (shapeshifter) (D:13)
  A phantasmal warrior (D:12)
  Pikel (D:5)
  An orc knight (D:13)
  7 ugly things
  4 manticores
  3 cyclopes (D:12)
  12 elephants
  Maurice (D:11)
  9 cane toads
  2 kobold demonologists
  A gargoyle (D:12)
  13 komodo dragons
  A jumping spider (Lair:2)
  3 hornets
  5 polar bears
  3 blink frogs (Lair:6)
  The ghost of Dirtsage the Insei, an amateur DsGl of Qazlal (D:4)
  7 slime creatures
  14 dream sheep
  4 redbacks (Lair:2)
  2 shadows
  8 wraiths
  Sigmund (D:5)
  5 wyverns
  Grum (D:11)
  14 humans (D:13)
  32 yaks
  2 basilisks (Lair:4)
  6 vampire mosquitoes
  10 water moccasins
  An acid dragon (D:12)
  5 orc warriors
  A necrophage (D:9)
  7 ice beasts
  10 sky beasts
  A hornet zombie (D:13)
  6 black bears
  6 ogres
  13 wolves
  12 centaurs
  5 phantoms
  3 kobold brigands
  27 bullfrogs
  2 wyvern zombies
  8 scorpions
  6 killer bees (D:8)
  18 wights
  A howler monkey (D:6)
  An electric eel (D:12)
  A bullfrog zombie (D:7)
  7 hounds
  2 centaur zombies
  4 orc priests
  5 centaur skeletons
  7 jellies
  2 bullfrog skeletons
  4 iguanas
  11 orc wizards
  17 worker ants
  A centaur simulacrum (D:12)
  2 hound skeletons
  A hound zombie (D:10)
  2 worker ant zombies
  A howler monkey skeleton (D:11)
  4 gnolls (D:2)
  8 adders
  7 river rats (Sewer)
  2 shadow imps
  7 white imps
  5 ufetubi
  2 oozes
  2 adder zombies
  2 adder skeletons (D:6)
  4 worms
  2 dart slugs
  6 leopard geckos
  41 orcs
  13 bats
  5 giant cockroaches
  7 goblins
  15 hobgoblins
  6 jackals
  31 kobolds
  11 quokkas
  8 ball pythons
  10 frilled lizards
  A leopard gecko skeleton (D:4)
  A leopard gecko zombie (D:6)
  A quokka skeleton (D:8)
  26 rats
628 creatures vanquished.

Vanquished Creatures (others)
  A vampire mosquito (D:13)
  An adder (D:8)
  A bush (Lair:5)
  6 fulminant prisms
  12 fungi
  36 plants
  8 withered plants (D:8)
65 creatures vanquished.

Grand Total: 693 creatures vanquished

Notes
Turn   | Place    | Note
-------+----------+-------------------------------------------
     0 | D:1      | wakim the Deep Elf Conjurer began the quest for the Orb.
     0 | D:1      | Reached XP level 1. HP: 10/10 MP: 6/6
   166 | D:1      | Reached XP level 2. HP: 15/15 MP: 4/8
   200 | D:1      | Learned a level 2 spell: Searing Ray
   380 | D:1      | Reached skill level 5 in Conjurations
   661 | D:1      | Reached XP level 3. HP: 19/19 MP: 6/10
  1191 | D:2      | Reached XP level 4. HP: 14/24 MP: 8/12
  1194 | D:2      | Reached skill level 6 in Conjurations
  1953 | D:3      | Reached XP level 5. HP: 23/28 MP: 7/13
  2110 | D:3      | Found a basalt altar of Yredelemnul.
  2369 | D:3      | Learned a level 4 spell: Fulminant Prism
  2374 | D:3      | Learned a level 4 spell: Iskenderun's Mystic Blast
  2670 | D:3      | Found a sparkling altar of Nemelex Xobeh.
  2700 | D:3      | Reached skill level 7 in Conjurations
  3054 | D:3      | Reached skill level 1 in Hexes
  3093 | D:4      | Reached skill level 1 in Translocations
  3141 | D:4      | Found a glowing drain.
  3152 | Sewer    | Entered a sewer
  3253 | Sewer    | Reached XP level 6. HP: 32/32 MP: 9/14
  4306 | D:4      | Reached XP level 7. HP: 36/36 MP: 8/15
  4430 | D:4      | Reached skill level 5 in Dodging
  4763 | D:4      | Found a runed translucent gate.
  4764 | D:4      | Found a runed translucent gate.
  4765 | D:4      | Found a runed translucent gate.
  4768 | D:4      | Noticed Dirtsage's ghost (amateur DsGl)
  4985 | D:5      | Entered Level 5 of the Dungeon
  5082 | D:5      | Reached skill level 5 in Spellcasting
  5082 | D:5      | Noticed Sigmund
  5090 | D:5      | Killed Sigmund
  5091 | D:5      | Reached skill level 5 in Stealth
  5288 | D:5      | Reached XP level 8. HP: 41/41 MP: 10/17
  5347 | D:5      | Found a shadowy altar of Dithmenos.
  5383 | D:5      | Noticed Pikel
  5388 | D:5      | Killed Pikel
  5389 | D:5      | Reached skill level 9 in Conjurations
  5761 | D:6      | Found an opulent altar of Gozag.
  5773 | D:6      | Found a transporter.
  5773 | D:6      | Noticed Anon1729's ghost (novice MfTm)
  5853 | D:6      | Reached skill level 10 in Conjurations
  6477 | D:6      | Found a transporter.
  6779 | D:6      | Reached XP level 9. HP: 45/45 MP: 10/18
  7512 | D:6      | Learned a level 5 spell: Iskenderun's Battlesphere
  7710 | D:6      | Reached skill level 5 in Hexes
  7778 | D:6      | Found Osiymeze's Weapon Emporium.
  8090 | D:7      | Reached skill level 5 in Translocations
  8286 | D:7      | Found a shimmering blue altar of Sif Muna.
  8292 | D:7      | Became a worshipper of Sif Muna the Loreminder
  8331 | D:7      | Found a bloodstained altar of Trog.
  8395 | D:7      | Reached skill level 1 in Invocations
  8419 | D:7      | Found a staircase to the Ecumenical Temple.
  8614 | D:7      | Found a sacrificial altar of Ru.
  8823 | D:8      | Found an ancient bone altar of Kikubaaqudgha.
  8906 | D:8      | Found a burning altar of Makhleb.
  9339 | D:8      | Reached skill level 5 in Invocations
  9357 | D:8      | Reached XP level 10. HP: 50/50 MP: 4/19
  9450 | D:8      | Found a bloodstained altar of Trog.
  9458 | D:8      | Noticed a purple ugly thing
  9500 | D:8      | Noticed a red ugly thing
  9507 | D:8      | Killed a purple ugly thing
  9508 | D:8      | Reached skill level 11 in Conjurations
  9524 | D:8      | Killed a purple ugly thing
  9679 | D:8      | Found a radiant altar of Vehumet.
 10001 | D:9      | Reached skill level 1 in Shields
 10168 | D:9      | Reached * piety under Sif Muna
 10441 | D:9      | Found a glowing golden altar of the Shining One.
 10482 | D:9      | Found a staircase to the Orcish Mines.
 10620 | D:9      | Noticed a rust devil
 10828 | D:9      | Found a hazy altar of Hepliaklqana.
 11266 | D:9      | Reached skill level 12 in Conjurations
 11333 | D:9      | Reached ** piety under Sif Muna
 11456 | D:10     | Entered Level 10 of the Dungeon
 11729 | D:10     | Noticed Urug
 11744 | D:10     | Killed Urug
 11745 | D:10     | Reached XP level 11. HP: 49/54 MP: 1/22
 12141 | D:10     | Noticed Fannar
 12168 | D:10     | Killed Fannar
 12217 | D:10     | Noticed Josephine
 12233 | D:10     | Killed Josephine
 12234 | D:10     | Reached skill level 13 in Conjurations
 12921 | D:4      | Killed Dirtsage's ghost
 13080 | D:6      | Reached skill level 14 in Conjurations
 13082 | D:6      | Killed Anon1729's ghost
 13083 | D:6      | Reached skill level 1 in Fighting
 13262 | D:11     | Noticed a tengu warrior
 13374 | D:11     | Found a transporter.
 13406 | D:11     | Noticed a purple ugly thing
 13411 | D:11     | Killed a purple ugly thing
 13718 | D:11     | Noticed Maurice
 13819 | D:11     | Noticed a two-headed ogre
 13901 | D:11     | Killed Maurice
 13967 | D:11     | Found a transporter.
 13985 | D:11     | Noticed a wretched star
 13993 | D:11     | Identified the +5 war axe of Pienk {distort, *Contam MP+9
                  | Str+2}
 13993 | D:11     | Noticed a skeletal warrior
 13994 | D:11     | Noticed a green ugly thing
 14161 | D:11     | Noticed a brown ugly thing
 14405 | D:10     | Killed a brown ugly thing
 14874 | D:11     | Noticed bmj180's ghost (journeyman MiFi)
 14884 | D:11     | Reached *** piety under Sif Muna
 14961 | D:11     | Found a staircase to the Lair.
 14979 | D:11     | Reached XP level 12. HP: 65/65 MP: 4/24
 15090 | Lair:1   | Entered Level 1 of the Lair of Beasts
 15492 | Lair:1   | Noticed a four-headed hydra
 15498 | Lair:1   | Killed a four-headed hydra
 16566 | Lair:2   | Found a hole to the Spider Nest.
 17225 | Lair:2   | Reached skill level 5 in Fighting
 17469 | Lair:2   | Learned a level 7 spell: Orb of Destruction
 17488 | Lair:3   | Reached skill level 10 in Invocations
 17653 | Lair:3   | Reached skill level 15 in Conjurations
 18075 | Lair:3   | Found a staircase to the Swamp.
 19035 | Lair:4   | Reached **** piety under Sif Muna
 19257 | Lair:4   | Reached skill level 16 in Conjurations
 20258 | Lair:4   | Reached XP level 13. HP: 57/72 MP: 12/26
 21614 | Lair:5   | Reached skill level 10 in Dodging
 21967 | Lair:5   | Found a viscous altar of Jiyva.
 21967 | Lair:5   | Found a staircase to the Slime Pits.
 22246 | Lair:6   | Entered Level 6 of the Lair of Beasts
 24183 | Lair:6   | Reached skill level 10 in Spellcasting
 24867 | Lair:6   | Reached XP level 14. HP: 77/78 MP: 18/30
 24915 | Lair:6   | Identified the +5 scale mail of a Gauntlet {rElec Dex+4
                  | Slay+2}
 25632 | D:11     | Noticed Grum
 25637 | D:11     | Killed Grum
 25857 | D:12     | Reached ***** piety under Sif Muna
 26351 | D:12     | Identified Sif Muna's Reference Book on Mutagenic Attacks
                  | (Sif Muna gifted it to you on level 12 of the Dungeon)
 26351 | D:12     | Received a gift from Sif Muna
 27120 | D:12     | Reached skill level 17 in Conjurations
 28058 | D:13     | Found a gate to the Vaults.
 28058 | D:13     | Noticed Rupert
 28518 | D:13     | Identified the +8 long sword of Notay {speed, Str+4}
 28627 | D:13     | Identified Sif Muna's Catalogue of Doomed Venom (Sif Muna
                  | gifted it to you on level 13 of the Dungeon)
 28627 | D:13     | Received a gift from Sif Muna
 28734 | D:13     | Reached skill level 1 in Summonings
 28913 | D:13     | Shot with an arrow by a centaur warrior

Illustrated notes

Levels and vault maps discovered:
D:1:      heliophobic_arrival_enchanted_forest, layout_rooms, serial_forest,
          infiniplex_forest_clump_long, infiniplex_forest_pool,
          infiniplex_forest_end_2, infiniplex_forest_lined_3,
          infiniplex_forest_clump_diagonal, infiniplex_forest_lined_corner,
          infiniplex_forest_zigzag_1, infiniplex_forest_lined_2
D:2:      cheibrodos_old_hovel, layout_loops_ring
D:3:      layout_loops_corners, nicolae_overflow_crystal_walls,
          general_overflow_altar, st_stairs_10
D:4:      layout_loops_ring, ebering_ghost_rock_garden, portal_sewer_entry_d
D:5:      layout_loops_cross, nicolae_dithmenos_shadow_blocks, uniq_pikel,
          uniq_sigmund
D:6:      layout_layer_cave, overflow_temple_1_default, serial_shops, shop,
          gammafunk_ghost_arena, minmay_quadrilaterals
D:7:      layout_cave_pools, kennysheep_little_box,
          nicolae_sif_muna_little_library, nicolae_ru_the_path_less_chosen,
          temple_fountains
D:8:      layout_loops_ring, kiku_gazebo_garden_becter, fiery_altar_vehumet,
          kennysheep_mini, trog_three_pillars_becter
D:9:      layout_stronghold, tso_oasis_becter, nicolae_hepliaklqana_hazy_memory,
          orc_0_dummy
D:10:     layout_stronghold, uniq_josephine, uniq_fannar, uniq_urug
D:11:     layout_big_octagon, david_lair_shrubbed,
          gammafunk_ghost_abyssal_escape, minmay_holes, uniq_maurice, uniq_grum
D:12:     minmay_two_paths, layout_gridville, serial_ice, serial_ice_j,
          serial_ice_c, serial_ice_e, serial_ice_m, serial_ice_o
D:13:     layout_cave_pools, david_vaults_3
Lair:1:   layout_layer_cave, infiniplex_staircase_pool
Lair:2:   layout_gridlike, nicolae_spider_entry_tight_spaces
Lair:3:   layout_gridlike, swamp_mist, wad_woods_road_03,
          chequers_serial_rivers_large_b, beast_lair_carwin_11,
          lemuel_fruit_tree
Lair:4:   layout_gridlike, uniq_rupert
Lair:5:   layout_cave_pods, dpeg_slime_entry_enclosed_altar, beast_lair_carwin_3
Lair:6:   evilmike_catoblepas_cave, layout_cave_pods,
          grunt_forest_small_clearing_treed, grunt_megastairs_2

Skill      XL: |  1  2  3  4  5  6  7  8  9 10 11 12 13 14 |
---------------+-------------------------------------------+-----
Conjurations   | 5 6 7 10 12 14 16 17 | 17.6
Spellcasting   | 4 5 6 7 10 | 10.0
Hexes          | 2 3 4 5 |  5.0
Translocations | 1 3 5 |  5.0
Dodging        | 4 5 6 8 12 13 | 13.3
Stealth        | 5 8 |  8.0
Invocations    | 5 7 8 10 | 10.0
Shields        | 4 |  4.0
Fighting       | 3 5 6 |  6.9
Summonings     | 1 |  1.5

Action                   |  1- 3 |  4- 6 |  7- 9 | 10-12 | 13-15 || total
-------------------------+-------+-------+-------+-------+-------++-------
Melee: Dagger            |     1 |       |     2 |     5 |     2 ||    10
       Long sword        |       |       |       |       |     1 ||     1
 Cast: Magic Dart        |    57 |   109 |   149 |   323 |   193 ||   831
       Searing Ray       |     8 |    27 |    50 |    74 |    90 ||   249
       Fulminant Prism   |       |       |     1 |     4 |     1 ||     6
       Iskenderun's Batt |       |       |    14 |    98 |    70 ||   182
       Iskenderun's Myst |       |       |       |    30 |    41 ||    71
       Orb of Destructio |       |       |       |     3 |    30 ||    33
Invok: Channel Magic     |       |       |       |     6 |     9 ||    15
Evoke: Wand              |       |       |       |     1 |       ||     1
  Use: Scroll            |       |     8 |     6 |     9 |     2 ||    25
       Potion            |       |       |       |       |     1 ||     1
Armor: Robe              |     1 |     6 |    14 |    29 |    29 ||    79
Dodge: Dodged            |     5 |    16 |    35 |    75 |    90 ||   221
Block: Buckler           |       |       |       |    39 |    39 ||    78
       Reflection        |       |       |       |       |    14 ||    14

Table legend: (Time is in decaauts)
 A = Elapsed time spent in this place.
 B = Non-inter-level travel time spent in this place.
 C = Inter-level travel time spent in this place.
 D = Time resting spent in this place.
 E = Time spent auto-exploring this place.
 F = Levels seen in this place.
 G = Mean time per level.
                   A        B        C        D        E       F      G
               +--------+--------+--------+--------+--------+-----+--------+
         Total |  28987 |  27667 |   1320 |  11702 |  11306 |  20 | 1449.3 |
       Dungeon |  17935 |  17010 |    925 |   7303 |   6640 |  13 | 1379.6 |
          Lair |  10045 |   9651 |    394 |   3834 |   4458 |   6 | 1674.2 |
         Sewer |   1006 |   1006 |      0 |    565 |    207 |   1 | 1006.0 |
               +--------+--------+--------+--------+--------+-----+--------+

Top non-repeatable levels by time:
    D:10: 2514 daAuts
  Lair:6: 2425 daAuts
     D:6: 2274 daAuts
    D:12: 2037 daAuts
    D:11: 1915 daAuts
  Lair:5: 1756 daAuts
  Lair:4: 1747 daAuts
  Lair:2: 1580 daAuts
  Lair:3: 1562 daAuts
     D:9: 1515 daAuts
     D:8: 1275 daAuts
     D:3: 1130 daAuts
     D:4: 1084 daAuts
     D:2: 1027 daAuts
   Sewer: 1006 daAuts
